 Dungeon Crawl Stone Soup version 0.29-a0-676-ga64570c9d2 (webtiles) character file.

Game seed: 9491575692617939101

15320 zeratav the Fortune-Teller (level 12, 0/95 HPs)
             Began as a Formicid Venom Mage on June 24, 2022.
             Was a Believer of Nemelex Xobeh.
             Slain by a two-headed ogre
             ... wielding a +0 giant spiked club
              (13 damage)
             ... on level 10 of the Dungeon on June 25, 2022.
             The game lasted 00:49:20 (20730 turns).

zeratav the Fortune-Teller (Formicid Venom Mage)   Turns: 20730, Time: 00:49:20

Health: 0/95       AC: 15    Str: 22    XL:     12   Next: 56%
Magic:  13/20      EV: 11    Int: 23    God:    Nemelex Xobeh [**....]
Gold:   729        SH: 10    Dex: 14    Spells: 10/15 levels left

rFire   + . .      SeeInvis +   K - +3 flail (protect) {mace}
rCold   + . .      Faith    .   n - +0 kite shield
rNeg    . . .      Spirit   .   I - +2 robe {rC+ rF+}
rPois   .          Reflect  .   (helmet unavailable)
rElec   .          Harm     .   g - +0 cloak
rCorr   .          Rampage  .   x - +0 pair of gloves
Will    +....                   z - +0 pair of boots
Stlth   +++.......              (no amulet)
HPRegen 0.25/turn               p - +6 ring of intelligence
MPRegen 0.17/turn               q - +6 ring of strength

@: under a protective aura
A: permanent stasis, dig shafts and tunnels, antennae 3, four strong arms
a: Dig, Shaft Self, Renounce Religion, Draw Escape, Draw Destruction, Draw
Summoning


You were on level 10 of the Dungeon.
You worshipped Nemelex Xobeh.
Nemelex Xobeh was pleased with you.
You visited 2 branches of the dungeon, and saw 12 of its levels.
You also visited: Sewer.

You collected 729 gold pieces.


Innate Abilities, Weirdness & Mutations

You cannot be hasted, slowed, berserked, paralysed or teleported.
You can dig through walls and to a lower floor.
You have a pair of large antennae on your head. (SInv)
Your four strong arms can wield two-handed weapons with a shield.


   Skills:
 + Level 9.0 Fighting
 + Level 10.5 Maces & Flails
 + Level 6.5 Armour
 - Level 1.7 Dodging
 - Level 5.0 Stealth
 + Level 7.8 Shields
 - Level 2.1 Spellcasting
 - Level 1.1 Transmutations
 - Level 8.0 Poison Magic
 + Level 11.7 Invocations


You had 10 spell levels left.
You knew the following spells:

 Your Spells              Type           Power      Damage    Failure   Level
a - Sting                 Tmut/Pois      92%        1d7       3%          1
b - Olgreb's Toxic Radia  Pois           39%        N/A       10%         4

Your spell library contained the following spells:

 Spells                   Type           Power      Damage    Failure   Level
 Poisonous Vapours        Pois/Air       40%        N/A       8%          2
 Ignite Poison            Fire/Tmut/Pois 16%        N/A       22%         3
 Mephitic Cloud           Conj/Pois/Air  14%        N/A       26%         3
 Static Discharge         Conj/Air       2%         N/A       36%         2
 Summon Guardian Golem    Hex/Summ       2%         N/A       58%         3
 Dispel Undead            Necr           2%         3d7       94%         4
 Sticky Flame             Conj/Fire      2%         2d3       94%         4
 Freezing Cloud           Conj/Ice/Air   1%         6-21      100%        5
 Lightning Bolt           Conj/Air       1%         1d12      100%        5
 Orb of Destruction       Conj           1%         9d5       100%        7
 Spellforged Servitor     Conj/Summ      1%         N/A       100%        7
 Maxwell's Capacitive Co  Air            1%         ∞         100%        8

Inventory:

Hand Weapons
 u - a +0 morningstar of flaming {mace}
   (You found it on level 3 of the Dungeon)
 F - a +0 flail of holy wrath {mace}
   (You took it off an orc on level 5 of the Dungeon)
 H - a +0 dire flail of venom {mace}
   (You took it off a two-headed ogre on level 10 of the Dungeon)
 J - a +0 dire flail {mace}
   (You took it off a wight on level 10 of the Dungeon)
 K - a +3 flail of protection (weapon) {mace}
   (You took it off a gnoll on level 6 of the Dungeon)
Missiles
 e - 7 curare-tipped darts {=fthrowing}
Armour
 g - a +0 cloak (worn)
   (You found it on level 6 of the Dungeon)
 j - an orb of guile
   (You found it on level 1 of the Dungeon)
 n - a +0 kite shield (worn)
   (You found it on level 2 of the Dungeon)
 r - the +2 ring mail "Nihaus" {+Inv Int-5 Stlth+}
   (You found it on level 2 of the Dungeon)

   Int:       It affects your intelligence (-5).
   +Inv:      It lets you turn invisible.
   Stlth:     It makes you more stealthy.
 x - a +0 pair of gloves (worn)
   (You found it on level 3 of the Dungeon)
 z - a +0 pair of boots (worn)
   (You found it on level 4 of the Dungeon)
 I - a +2 robe of resistance (worn)
   (You took it off a gnoll shaman on level 5 of the Dungeon)
Jewellery
 a - a ring of positive energy
   (You found it on level 6 of the Dungeon)
 b - a ring of protection from fire
   (You took it off a centaur warrior on level 9 of the Dungeon)
 p - a +6 ring of intelligence (left hand)
   (You found it on level 2 of the Dungeon)
 q - a +6 ring of strength (right hand)
   (You found it on level 2 of the Dungeon)
 w - an amulet of magic regeneration {@e2}
   (You found it on level 3 of the Dungeon)
 L - a +6 ring of dexterity
   (You found it on level 6 of the Dungeon)
 N - a +6 ring of intelligence
   (You found it on level 7 of the Dungeon)
Wands
 M - a wand of flame (58)
   (You found it on level 7 of the Dungeon)
 O - a wand of mindburst (8)
   (You found it on level 7 of the Dungeon)
 P - a wand of iceblast (7)
   (You took it off an orc on level 8 of the Dungeon)
Scrolls
 d - 5 scrolls of fear
 i - 3 scrolls of enchant armour
 o - 3 scrolls of amnesia
 s - 7 scrolls of immolation {!r!r}
 t - a scroll of enchant weapon
 v - a scroll of fog {unknown}
 y - 2 scrolls of vulnerability {unknown}
 C - 3 scrolls of magic mapping {unknown}
 E - 3 scrolls of poison {unknown}
Potions
 c - 2 potions of brilliance {unknown}
 f - a potion of might {unknown}
 h - 2 potions of lignification {unknown}
 k - 5 potions of ambrosia {unknown}
 l - 4 potions of curing {unknown}
 m - 5 potions of attraction {unknown}
 A - a potion of resistance
 B - 4 potions of heal wounds {unknown}
 D - a potion of degeneration {unknown}
 G - 2 potions of flight {unknown}

Dungeon Overview and Level Annotations

Branches:
Dungeon (11/15) Zot: 24249  Temple (1/1) D:6 Zot: 5851    Lair (0/6) D:10
  Sewer (visited)
    Orc: D:9-12

Altars:
Ashenzari
Cheibriados
Dithmenos
Elyvilon
Fedhas
Gozag
Hepliaklqana
Kikubaaqudgha
Makhleb
Nemelex Xobeh
Okawaru
Qazlal
Ru
Sif Muna
Trog
Uskayaw
Vehumet
Wu Jian
Xom
Yredelemnul
Zin
The Shining One

Shops:
D:5 [

Annotations:
D:8 exclusion: two-headed ogre
D:9 1 runed translucent door, trickyswaf's ghost, novice DECj

#.# #.# ##.##
#..##...## #
#.###.######.#
#..#.#.#.####
#............#
#............
..###.########
#.##.#.#.##..
#.###.#
#.###..[###.#
...)..#
#####........
#.#####
######..##.#####..
#.# ##≈OO#....###
### #.# ###
#≈@##.)...## #.#
#.## #≈#####O...#
#.# ##..# #)#
##≈≈## #.# ##...###
#.## ##≈≈# #.#
#....≈≈## ##.##
#.≈# #.#
##......#####.#
##.#
#.#####.......###.#
#.##
#.##.............##
#[ #
.....##.......)###
.# #


You could see a two-headed ogre (fast, extremely poisoned) and an ogre mage
(poisoned).


Message History

Confirm with . or Enter, or press ? or * to list all spells.
You begin to radiate toxic energy.
The two-headed ogre looks even sicker.
The ogre looks even sicker.
The ogre closely misses you.
HP[+1] MP[-4]
You lost 4 mp, and now have 4/20 mp.
You kill the ogre!
Your toxic aura wanes.
You kill the ogre!
You now have 92 max hp (+1).
You enter the shallow water.
Moving in this stuff is going to be slow.
HP[+1]
Your magical contamination has completely faded away.
You see here a +0 giant spiked club {mace}.
MP[+1] HP[+1] MP[+1]
You see here a +0 giant spiked club {mace}.
HP[+1] HP[+1] MP[+1]
Casting: Olgreb's Toxic Radiance (dangerous; 10% risk of failure)
Confirm with . or Enter, or press ? or * to list all spells.
You begin to radiate toxic energy.
MP[-4]
You lost 4 mp, and now have 3/20 mp.
You sock the two-headed ogre!
Your weapon exudes an aura of protection.
The two-headed ogre looks even sicker.
Your toxic aura wanes.
You block the two-headed ogre's attack. The two-headed ogre closely misses you.
You barely miss the two-headed ogre. You hit the two-headed ogre.
The two-headed ogre hits you with a +0 dire flail.
The two-headed ogre closely misses you.
HP[-3]
You take 3 damage, and now have 84/92 hp.
You sock the two-headed ogre! You thump the two-headed ogre!
You kill the two-headed ogre!
Your life force feels restored.
Your Fighting skill increases to level 9!
HP[+1] MP[+1]
You now have 95 max hp (+3).
Things that are here:
a +0 dire flail {mace}; a +0 dire flail of venom {mace}
H - a +0 dire flail of venom {mace} HP[+1]
You see here a +0 giant spiked club {mace}.
You enter the shallow water.
Moving in this stuff is going to be slow.
HP[+9] MP[+16]
Your hp is fully restored (95).
Your mp is fully restored (20).
Casting: Olgreb's Toxic Radiance (dangerous; 10% risk of failure)
Confirm with . or Enter, or press ? or * to list all spells.
You begin to radiate toxic energy.
The two-headed ogre shouts in stereo!
The two-headed ogre is poisoned.
The two-headed ogre looks even sicker.
You hear a shout! x2; You hear two shouts!
MP[-4]
You lost 4 mp, and now have 16/20 mp.
The two-headed ogre looks even sicker.
The ogre mage is poisoned.
Your toxic aura wanes.
The ogre mage casts a spell at the two-headed ogre.
The two-headed ogre seems to speed up.
Casting: Olgreb's Toxic Radiance (dangerous; 10% risk of failure)
Confirm with . or Enter, or press ? or * to list all spells.
You begin to radiate toxic energy.
The two-headed ogre looks as sick as possible!
The ogre mage looks even sicker.
The two-headed ogre looks as sick as possible!
MP[-4]
You lost 4 mp, and now have 12/20 mp.
The two-headed ogre looks as sick as possible!
Your toxic aura wanes.
The two-headed ogre hits you with a +0 giant spiked club!!
The two-headed ogre hits you with a +0 giant club!
HP[-33]
You take 33 damage, and now have 62/95 hp.
MASSIVE DAMAGE!! (PAUSE)
You hit the two-headed ogre.
Your weapon exudes an aura of protection.
HP[+1] MP[+1]
You sock the two-headed ogre!
The two-headed ogre hits you with a +0 giant spiked club!
The two-headed ogre hits you with a +0 giant club!
* * * LOW HITPOINT WARNING * * *
HP[-22]
You take 22 damage, and now have 41/95 hp.
MASSIVE DAMAGE!! (PAUSE)
You hit the two-headed ogre.
The two-headed ogre hits you with a +0 giant spiked club!!
* * * LOW HITPOINT WARNING * * *
You block the two-headed ogre's attack. The ogre mage barely misses you.
HP[-28]
You take 28 damage, and now have 13/95 hp.
MASSIVE DAMAGE!! (PAUSE)
You barely miss the two-headed ogre.
The two-headed ogre hits you with a +0 giant spiked club!
You die...
Your body disappears without a glow.

Skill      XL: |  1  2  3  4  5  6  7  8  9 10 11 12 |
---------------+-------------------------------------+-----
Poison Magic   | 5 6 7 8 |  8.0
Stealth        | 4 5 |  5.0
Fighting       | 2 4 6 7 8 9 |  9.0
Maces & Flails | 2 4 6 8 10 | 10.5
Invocations    | 1 4 7 10 11 | 11.7
Armour         | 1 5 6 |  6.5
Shields        | 1 6 7 |  7.8
Dodging        | |  1.7
Spellcasting   | |  2.1
Transmutations | |  1.1

Action                   |  1- 3 |  4- 6 |  7- 9 | 10-12 || total
-------------------------+-------+-------+-------+-------++-------
Melee: Unarmed           |    27 |       |       |       ||    27
       Whip              |     9 |    20 |    96 |       ||   125
       Mace              |       |       |    43 |       ||    43
       Flail             |       |       |    58 |   287 ||   345
       Morningstar       |       |       |     3 |     4 ||     7
       Punch             |       |       |     2 |     2 ||     4
 Cast: Sting             |    63 |    49 |    12 |     4 ||   128
       Olgreb's Toxic Ra |       |    25 |    67 |    99 ||   191
Invok: Draw Destruction  |       |       |       |     1 ||     1
 Abil: Dig               |       |       |     1 |     3 ||     4
       Shaft Self        |       |       |       |     1 ||     1
Evoke: Wand              |       |       |     3 |     6 ||     9
  Use: Scroll            |       |     5 |     2 |     3 ||    10
       Potion            |       |       |       |     1 ||     1
 Stab: Sleeping          |       |       |     6 |       ||     6
Armor: Robe              |    15 |     3 |    83 |    93 ||   194
Dodge: Dodged            |    41 |    16 |   132 |   171 ||   360
Block: Kite shield       |       |       |       |    75 ||    75

Levels and vault maps discovered:
D:1:      saegor_arrival_simple_e, layout_basic,
          dreamdust_ecumenical_altar_drowned_temple
D:2:      layout_loops_ring, basic_altar
D:3:      minmay_general_purpose_star, layout_loops_ring,
          grunt_temple_overflow_bloody_war, serial_rivers,
          chequers_serial_rivers_micro_b, chequers_serial_rivers_small_b,
          chequers_serial_rivers_room_a, chequers_serial_rivers_micro_b
D:4:      layout_basic, lemuel_doored_altar, lemuel_round_altar,
          mainiacjoe_overflow_cross_hatched, portal_sewer_entry_a
D:5:      nicolae_BIG_FREAKIN_CUBE, layout_basic, overflow_temple_1_default,
          nzn_hepliaklqana_mist_gate, serial_shops, shop, uniq_blork_the_orc
D:6:      minmay_angry_zag, layout_rooms, nicolae_vehumet_altar_sigil,
          zin_scriptorium, minmay_temple_entry_stoned_glass,
          chequers_serial_rivers_micro_c, nrook_pool_corridor,
          solitary_fountain, minmay_checkerbox
D:7:      layout_layer_cave, grunt_temple_overflow_growth_and_decay,
          minmay_crystal_water
D:8:      layout_rooms, lightli_corner_chamber
D:9:      layout_loops_ring, lemuel_tele_altar, ebering_ghost_reflecting_pool,
          minmay_fractal_squares_gapless_7
D:10:     lemuel_ogre_cave, layout_loops_ring, erik_lair_dragon,
          hellmonk_guarded_unrand_lears, uniq_harold
D:11:     layout_roguey, zombieorc1_lemuel
Temple:   compressed_dpeg_circular_temple

Notes
Turn   | Place    | Note
-------+----------+-------------------------------------------
     0 | D:1      | zeratav the Formicid Venom Mage began the quest for the
                  | Orb.
     0 | D:1      | Reached XP level 1. HP: 13/13 MP: 3/3
     0 | D:1      | magus.rc [v1.9.6]
    88 | D:1      | Found a faded altar of an unknown god.
   295 | D:1      | Reached XP level 2. HP: 19/19 MP: 0/5
   562 | D:1      | Reached skill level 5 in Poison Magic
  1304 | D:1      | Reached XP level 3. HP: 24/24 MP: 2/6
  1802 | D:2      | Reached skill level 6 in Poison Magic
  1802 | D:2      | Reached XP level 4. HP: 29/30 MP: 2/7
  1873 | D:2      | Learned a level 4 spell: Olgreb's Toxic Radiance
  2094 | D:2      | Identified the +2 ring mail "Nihaus" {+Inv Int-5 Stlth+}
  2473 | D:2      | Found a burning altar of Makhleb.
  2762 | D:3      | Reached skill level 7 in Poison Magic
  2762 | D:3      | Reached XP level 5. HP: 13/35 MP: 1/8
  2996 | D:3      | You add the spells Ignite Poison and Freezing Cloud to your
                  | library.
  3555 | D:3      | Found a bloodstained altar of Trog.
  3555 | D:3      | Found an iron altar of Okawaru.
  4058 | D:4      | Found a shimmering altar of Xom.
  4230 | D:4      | Found a glowing drain.
  4277 | Sewer    | Entered a sewer
  4769 | Sewer    | Reached skill level 8 in Poison Magic
  5319 | Sewer    | Noticed a kobold brigand
  5319 | Sewer    | Noticed a kobold brigand
  5351 | Sewer    | Killed a kobold brigand
  5352 | Sewer    | Reached skill level 4 in Stealth
  5352 | Sewer    | Reached XP level 6. HP: 29/41 MP: 0/9
  5356 | Sewer    | Reached skill level 5 in Stealth
  5356 | Sewer    | Reached skill level 1 in Fighting
  5473 | Sewer    | Reached skill level 2 in Fighting
  5473 | Sewer    | Reached XP level 7. HP: 47/51 MP: 2/10
  5781 | Sewer    | magus.rc [v1.9.6]
  5858 | D:4      | Reached skill level 3 in Fighting
  6092 | D:4      | Found an ornate altar of the Wu Jian Council.
  6627 | D:4      | Found a hide-covered altar of Uskayaw.
  6840 | D:5      | Entered Level 5 of the Dungeon
  6852 | D:5      | Reached skill level 4 in Fighting
  6852 | D:5      | Reached skill level 1 in Maces & Flails
  6933 | D:5      | Found a glowing golden altar of the Shining One.
  7194 | D:5      | Reached skill level 1 in Invocations
  7656 | D:5      | Reached skill level 2 in Maces & Flails
  7656 | D:5      | Reached XP level 8. HP: 61/61 MP: 2/11
  7819 | D:5      | Reached skill level 2 in Invocations
  7934 | D:5      | Noticed Blork the orc
  7944 | D:5      | Killed Blork the orc
  7945 | D:5      | Reached skill level 5 in Fighting
  8082 | D:5      | Found Ruery's Armour Emporium.
  8439 | D:5      | Reached skill level 3 in Invocations
  8674 | D:5      | You pick up a book of Touch and begin reading...
  8674 | D:5      | You add the spells Static Discharge, Sticky Flame and
                  | Dispel Undead to your library.
  8713 | D:5      | Found a hazy altar of Hepliaklqana.
  8749 | D:6      | Reached skill level 3 in Maces & Flails
  9159 | D:5      | magus.rc [v1.9.6]
  9263 | D:5      | Reached skill level 4 in Invocations
  9613 | D:6      | Reached skill level 6 in Fighting
  9613 | D:6      | Reached skill level 4 in Maces & Flails
  9734 | D:6      | Reached XP level 9. HP: 69/69 MP: 3/12
  9847 | D:6      | Found a radiant altar of Vehumet.
  9876 | D:6      | Reached skill level 5 in Invocations
 10541 | D:5      | HP: 5/71 [ice beast (14)]
 11012 | D:6      | Reached skill level 5 in Maces & Flails
 11111 | D:6      | Reached skill level 7 in Fighting
 11429 | D:6      | Reached skill level 6 in Invocations
 11472 | D:6      | Found a staircase to the Ecumenical Temple.
 11506 | Temple   | Entered the Ecumenical Temple
 11633 | Temple   | Became a worshipper of Nemelex Xobeh the Trickster
 11789 | D:6      | Found a glowing silver altar of Zin.
 12597 | D:7      | Reached skill level 6 in Maces & Flails
 12661 | D:7      | Reached skill level 7 in Invocations
 12848 | D:7      | Reached XP level 10. HP: 73/80 MP: 3/15
 12855 | D:7      | Reached skill level 8 in Fighting
 13231 | D:7      | Found an ancient bone altar of Kikubaaqudgha.
 13231 | D:7      | Found a blossoming altar of Fedhas.
 13597 | D:8      | Noticed a two-headed ogre
 13632 | D:8      | Noticed a centaur warrior
 13876 | D:8      | Reached skill level 8 in Invocations
 13971 | D:8      | Reached * piety under Nemelex Xobeh
 13977 | D:8      | Killed a two-headed ogre
 13978 | D:8      | Reached skill level 7 in Maces & Flails
 14112 | D:8      | Reached skill level 9 in Invocations
 14319 | D:8      | You pick up a book of Dangerous Friends and begin
                  | reading...
 14319 | D:8      | You add the spells Summon Guardian Golem, Orb of
                  | Destruction and Spellforged Servitor to your library.
 14576 | D:9      | Noticed a two-headed ogre
 14610 | D:9      | Killed a two-headed ogre
 14611 | D:9      | Reached skill level 8 in Maces & Flails
 14829 | D:9      | Reached skill level 10 in Invocations
 14998 | D:9      | Reached skill level 1 in Armour
 14998 | D:9      | Reached skill level 1 in Shields
 15010 | D:9      | Noticed a centaur warrior
 15019 | D:9      | Reached XP level 11. HP: 31/86 MP: 13/18
 15022 | D:9      | Reached skill level 2 in Shields
 15024 | D:9      | HP: 21/86 [centaur warrior (4)]
 15028 | D:9      | Killed a centaur warrior
 15029 | D:9      | Reached skill level 9 in Maces & Flails
 15029 | D:9      | Reached skill level 2 in Armour
 15029 | D:9      | Reached skill level 3 in Shields
 15476 | D:9      | Reached skill level 3 in Armour
 15758 | D:9      | Reached skill level 4 in Shields
 16039 | D:9      | Reached skill level 4 in Armour
 16282 | D:9      | Found a runed translucent door.
 16287 | D:9      | Noticed trickyswaf's ghost (novice DECj)
 16614 | D:9      | Found a sacrificial altar of Ru.
 16756 | D:10     | Entered Level 10 of the Dungeon
 16783 | D:10     | Noticed a tengu warrior
 16901 | D:10     | Reached skill level 5 in Shields
 17363 | D:10     | Received a gift from Nemelex Xobeh
 17954 | D:10     | Reached ** piety under Nemelex Xobeh
 17990 | D:10     | You fall into a shaft and drop 1 floor!
 18308 | D:11     | You pick up a book of Lightning and begin reading...
 18308 | D:11     | You add the spells Lightning Bolt and Maxwell's Capacitive
                  | Coupling to your library.
 18326 | D:11     | Reached skill level 5 in Armour
 18326 | D:11     | Reached skill level 6 in Shields
 18420 | D:11     | Noticed a six-headed hydra
 18782 | D:10     | Reached skill level 11 in Invocations
 19039 | D:10     | Found a staircase to the Lair.
 19177 | D:10     | Reached skill level 10 in Maces & Flails
 19177 | D:10     | Reached XP level 12. HP: 86/93 MP: 20/20
 19548 | D:10     | Noticed Harold
 19581 | D:9      | Killed Harold
 19582 | D:9      | Reached skill level 7 in Shields
 19954 | D:10     | Noticed a two-headed ogre
 19992 | D:10     | Killed a two-headed ogre
 19993 | D:10     | Reached skill level 6 in Armour
 20081 | D:10     | Noticed a two-headed ogre
 20098 | D:10     | Killed a two-headed ogre
 20277 | D:10     | Noticed a two-headed ogre
 20292 | D:10     | Killed a two-headed ogre
 20569 | D:10     | Noticed a two-headed ogre
 20570 | D:10     | Noticed an ogre mage
 20570 | D:10     | Noticed a two-headed ogre
 20572 | D:10     | Noticed a two-headed ogre
 20601 | D:10     | Killed a two-headed ogre
 20602 | D:10     | Reached skill level 9 in Fighting
 20729 | D:10     | HP: 13/95 [two-headed ogre/+0 giant spiked club (28)]
 20730 | D:10     | Slain by a two-headed ogre

Vanquished Creatures
  Harold (D:9)
  6 two-headed ogres
  A centaur warrior (D:9)
  A gargoyle (D:11)
  A komodo dragon (D:10)
  3 trolls
  A hornet (D:9)
  A vampire (D:10)
  2 wraiths
  15 yaks
  A wyvern (D:9)
  A basilisk (D:10)
  3 vampire mosquitoes (D:10)
  2 steam dragons
  A water moccasin (D:6)
  An ice beast (D:5)
  2 sky beasts (D:7)
  3 orc warriors
  2 black bears
  13 ogres (D:10)
  A boggart (D:10)
  3 centaurs
  10 kobold brigands
  3 phantoms
  Blork the orc (D:5)
  5 bullfrogs
  2 necrophages
  A gnoll sergeant (D:6)
  4 scorpions
  8 wights
  4 howler monkeys
  2 electric eels (D:7)
  A jelly (D:5)
  5 orc priests
  2 gnoll shamans
  5 hounds
  3 iguanas (D:6)
  11 orc wizards
  16 gnolls
  2 river rats (Sewer)
  11 adders
  2 shadow imps
  2 white imps
  3 worms
  3 dart slugs
  33 orcs
  4 bats (D:1)
  12 endoplasms
  5 giant cockroaches
  2 goblins (D:1)
  3 hobgoblins
  2 jackals (D:2)
  33 kobolds
  3 quokkas
  11 ball pythons
  A frilled lizard (D:1)
  18 rats
  A spectral kobold (D:1)
299 creatures vanquished.

Vanquished Creatures (others)
  7 plants (D:7)
  6 withered plants (D:7)
13 creatures vanquished.

Grand Total: 312 creatures vanquished

Table legend:
 A = Non-vault XP
 B = Vault XP
 C = Vault XP percentage of total XP
 D = Non-vault monster count
 E = Vault monster count
 F = Vault count percentage of total count
                 A         B        C        D         E       F
            +---------+---------+-------+---------+---------+-------
      Total |   12579 |    9308 |  42.5 |     221 |      78 |  26.1
            +---------+---------+-------+---------+---------+-------
        D:1 |      31 |       1 |   3.1 |      16 |       1 |   5.9
        D:2 |      63 |       0 |   0.0 |      17 |       0 |   0.0
        D:3 |      63 |      51 |  44.7 |      14 |       7 |  33.3
        D:4 |     125 |       5 |   3.8 |      10 |       4 |  28.6
        D:5 |     935 |     100 |   9.7 |      28 |       1 |   3.4
        D:6 |    1127 |     407 |  26.5 |      27 |       6 |  18.2
        D:7 |    1088 |       0 |   0.0 |      37 |       0 |   0.0
        D:8 |    1717 |       0 |   0.0 |      15 |       0 |   0.0
        D:9 |    3312 |    2587 |  43.9 |      21 |      10 |  32.3
       D:10 |    2984 |    5794 |  66.0 |      28 |      21 |  42.9
       D:11 |    1134 |       0 |   0.0 |       8 |       0 |   0.0
      Sewer |       0 |     363 | 100.0 |       0 |      28 | 100.0
            +---------+---------+-------+---------+---------+-------

Illustrated notes

Table legend:
 A = Kills in this place as a percentage of kills in entire the game.
 B = Kills by you in this place as a percentage of kills by you in the entire game.
 C = Kills by friends in this place as a percentage of kills by friends in the entire game.
 D = Other kills in this place as a percentage of other kills in the entire game.
 E = Experience gained in this place as a percentage of experience gained in the entire game.
 F = Experience gained in this place divided by the number of levels of this place that you have seen.
                   A       B       C       D       E      F
               +-------+-------+-------+-------+-------+----------------------
         Total | 100.0 | 100.0 |   N/A |   N/A | 100.0 | 1683.6
       Dungeon |  90.6 |  90.6 |   N/A |   N/A |  98.3 | 1956.7
         Sewer |   9.4 |   9.4 |   N/A |   N/A |   1.7 | 363.0
               +-------+-------+-------+-------+-------+----------------------

Table legend: (Time is in decaauts)
 A = Elapsed time spent in this place.
 B = Non-inter-level travel time spent in this place.
 C = Inter-level travel time spent in this place.
 D = Time resting spent in this place.
 E = Time spent auto-exploring this place.
 F = Levels seen in this place.
 G = Mean time per level.
                   A        B        C        D        E       F      G
               +--------+--------+--------+--------+--------+-----+--------+
         Total |  20953 |  19867 |   1086 |   8378 |   7015 |  13 | 1611.8 |
       Dungeon |  19102 |  18045 |   1057 |   8253 |   5594 |  11 | 1736.5 |
        Temple |    148 |    119 |     29 |      0 |    110 |   1 |  148.0 |
         Sewer |   1702 |   1702 |      0 |    125 |   1310 |   1 | 1702.0 |
               +--------+--------+--------+--------+--------+-----+--------+

Top non-repeatable levels by time:
     D:5: 3417 daAuts
    D:10: 2890 daAuts
     D:9: 2535 daAuts
   Sewer: 1702 daAuts
     D:6: 1668 daAuts
     D:7: 1540 daAuts
     D:3: 1413 daAuts
     D:1: 1399 daAuts
     D:4: 1300 daAuts
     D:2: 1216 daAuts
     D:8: 978 daAuts
    D:11: 743 daAuts
  Temple: 148 daAuts
